 Dungeon Crawl Stone Soup version 0.21-a0-52-gbf49515 (webtiles) character file.

56316 kuniqs the Blocker (level 14, -2/77 HPs)
             Began as a Vine Stalker Fighter on June 13, 2017.
             Was a Believer of Uskayaw.
             Killed from afar by a molten gargoyle (5 damage)
             ... with a bolt of magma
             ... on level 14 of the Dungeon.
             The game lasted 00:44:28 (18801 turns).

kuniqs the Blocker (Vine Stalker Fighter)          Turns: 18801, Time: 00:44:29

Health: -2/77      AC: 23    Str: 22    XL:     14   Next: 81%
Magic:  0/21       EV: 13    Int:  8    God:    Uskayaw [**....]
Gold:   633        SH: 13    Dex: 16    Spells: 13/13 levels left

rFire    + . .     SeeInvis .   Q - +3 demon whip (vamp)
rCold    . . .     Gourm    .   c - +1 shield
rNeg     . . .     Faith    .   K - +2 chain mail {MR+}
rPois    .         Spirit   +   y - +1 hat
rElec    .         Reflect  .   (no cloak)
rCorr    .         Harm     .   C - +2 pair of gloves {archery}
MR       ++...                  b - +0 pair of boots
Stlth    ..........             x - amulet of regeneration
Regen    1.5/turn               p - +4 ring of protection
MPRegen  0.2/turn               N - ring of protection from fire

@: no status effects
A: antennae 1, fangs 3, regeneration 2, wild magic 1, magic shield, antimagic
bite, no potion heal 3, rot immunity
a: Stomp, Line Pass, Renounce Religion


You were on level 14 of the Dungeon.
You worshipped Uskayaw.
Uskayaw was aware of your devotion.
You were hungry.

You visited 3 branches of the dungeon, and saw 21 of its levels.
You also visited: Labyrinth and Bailey.

You collected 1729 gold pieces.
You spent 1096 gold pieces at shops.

Inventory:

Hand Weapons
 Q - a +3 vampiric demon whip (weapon)
Missiles
 L - 2 throwing nets (quivered)
Armour
 b - a +0 pair of boots (worn)
 c - a +1 shield (worn)
 y - a +1 hat (worn)
 C - a +2 pair of gloves of archery (worn)
 K - a +2 chain mail of magic resistance (worn)
Jewellery
 j - an uncursed ring of resist corrosion
 p - a +4 ring of protection (left hand)
 w - a +4 ring of protection
 x - an amulet of regeneration (around neck)
 A - an uncursed ring of poison resistance
 N - a ring of protection from fire (right hand)
Wands
 r - a wand of digging (4/24)
 P - a wand of paralysis (1/24)
 R - a wand of flame (15/48)
 T - a wand of acid (6/15)
Scrolls
 g - 8 scrolls of recharging
 h - 4 scrolls of enchant armour
 i - 11 scrolls of remove curse {@r2}
 l - a scroll of identify {@r1}
 m - 2 scrolls of immolation
 o - 3 scrolls of fog
 q - 3 scrolls of magic mapping
 t - 6 scrolls of teleportation
 z - 2 scrolls of fear
 F - a scroll of blinking
 I - a scroll of summoning
 J - 3 scrolls of noise
Potions
 a - 2 potions of resistance
 k - 3 potions of mutation
 n - 2 potions of lignification
 s - a potion of invisibility
 u - 3 potions of agility
 v - 8 potions of curing {@q1}
 B - a potion of cancellation
 E - a potion of might
 G - a potion of flight
 O - 3 potions of haste
Comestibles
 d - 12 bread rations
 e - 15 meat rations
 f - 13 fruits
 D - 6 chunks of flesh
 H - 5 royal jellies


   Skills:
 + Level 10.3 Fighting
   Level 8.3 Short Blades
 + Level 5.6 Maces & Flails
 + Level 9.4 Armour
 + Level 9.3 Dodging
 + Level 10.5 Shields
 + Level 9.2 Invocations


You had 13 spell levels left.
You didn't know any spells.

Dungeon Overview and Level Annotations

Branches:
Dungeon (14/15)            Temple (1/1) D:4            Lair (6/6) D:9
 Shoals (0/4) Lair:2        Snake (0/4) Lair:2        Slime (0/5) Lair:6
    Orc (0/2) D:12         Vaults (0/5) D:13

Altars:
Ashenzari
Cheibriados
Dithmenos
Elyvilon
Fedhas
Gozag
Hepliaklqana
Kikubaaqudgha
Makhleb
Nemelex Xobeh
Okawaru
Qazlal
Ru
Sif Muna
Trog
Uskayaw
Vehumet
Wu Jian
Xom
Yredelemnul
Zin
The Shining One

Shops:
D:7 !(=[

Portals:
Trove: D:10 (give +8 demon trident)

Annotations:
D:8 exclusions: 2 electric eels and 3 more exclusions
Lair:2 exclusion: oklob plant


Innate Abilities, Weirdness & Mutations

You have razor-sharp teeth.
You heal very quickly.
When hurt, damage is shared between your health and your magic reserves.
Your bite disrupts and absorbs the magic of your enemies.
Potions cannot restore your health.
You are immune to rotting.
You have a pair of small antennae on your head.
Your spells are a little harder to cast, but a little more powerful.


Message History

You closely miss the molten gargoyle.
You bite the molten gargoyle, but do no damage.
The molten gargoyle blasts magma at you!
The bolt of magma hits you! You partially resist.
* * * LOW HITPOINT WARNING * * *
The molten gargoyle blasts magma at you!
The bolt of magma hits the molten gargoyle.
The molten gargoyle partially resists.
The bolt of magma hits you! You partially resist.
* * * LOW HITPOINT WARNING * * *
The molten gargoyle closely misses you.
You don't have enough magic at the moment.
You hit the molten gargoyle but do no damage.
You bite the molten gargoyle. You drain its power.
You feel invigorated. You block the molten gargoyle's attack.
You hit the molten gargoyle.
The molten gargoyle hits you but does no damage.
The molten gargoyle blasts magma at you!
The bolt of magma hits you! You partially resist.
You die...

##..# ##.# #.#
#.# #.# #
#.###### ...
#......#
#....#####9.....#
#..†..@9.....#
#######9...).#
#.#.#.#.....#
#.#.#.#9#).....#
.....≈.9{#.#####
.≈≈§§≈≈.#..#
.§≈≈≈≈≈≈.#.#
§≈≈88≈≈.#..#
.§≈88≈≈≈.#.#


You could see 3 molten gargoyles.

Vanquished Creatures
  Gastronok (Lair:2)
  A minotaur (Lab)
  A hydra (Lair:6)
  Fannar (Lair:1)
  Harold (D:11)
  Erica (D:11)
  A centaur warrior (D:13)
  2 dancing weapons (D:13)
  A merfolk avatar (Lair:6)
  5 two-headed ogres
  3 unseen horrors
  A sea snake (Lair:6)
  4 lindwurms (Lair:4)
  4 ugly things
  10 elephants
  5 black mambas
  4 manticores
  A cyclops (D:12)
  A molten gargoyle (D:14)
  A centaur skeleton (D:12)
  11 spiny frogs
  A rime drake (Lair:6)
  14 komodo dragons
  An efreet (D:14)
  A wind drake (Lair:6)
  Grinder (D:4)
  4 polar bears
  4 hornets
  13 blink frogs
  11 hippogriffs
  A spriggan (D:7)
  3 redbacks (Lab)
  A wraith (D:14)
  4 wyverns
  34 yaks
  3 basilisks
  2 hungry ghosts (Lab)
  Menkaure (D:5)
  2 vampire mosquitoes (D:12)
  2 soldier ants (D:14)
  An acid dragon (D:13)
  14 water moccasins
  11 porcupines
  7 orc warriors
  A necrophage (D:8)
  3 sky beasts
  3 black bears
  6 ice beasts
  4 ogres
  2 phantoms
  8 centaurs
  14 crocodiles
  The ghost of nikopol the Firebug, an amateur OpFE (D:3)
  3 big kobolds
  Blork the orc (D:5)
  17 bullfrogs
  4 scorpions
  12 killer bees
  21 wights
  3 howler monkeys (D:13)
  6 crimson imps
  2 jellies
  2 bullfrog zombies
  2 centaur zombies
  10 orc priests
  5 hounds
  11 orc wizards
  A bullfrog skeleton (D:12)
  5 iguanas
  9 worker ants
  2 killer bee zombies
  A hound skeleton (D:7)
  3 gnolls (D:2)
  9 adders
  An ooze (D:1)
  2 adder zombies (D:8)
  2 worms
  2 dart slugs
  4 leopard geckos
  33 orcs
  3 giant cockroaches
  11 goblins
  3 hobgoblins
  14 jackals
  6 quokkas
  A ball python (D:4)
  10 bats
  5 frilled lizards
  A jackal skeleton (D:7)
  37 kobolds
  13 rats
  A plant (Lair:6)
516 creatures vanquished.

Vanquished Creatures (others)
  5 dream sheep (D:9)
  An iguana (D:14)
  29 fungi
  7 plants
  5 toadstools (D:1)
47 creatures vanquished.

Grand Total: 563 creatures vanquished

Notes
Turn   | Place    | Note
-------+----------+-------------------------------------------
     0 | D:1      | kuniqs the Vine Stalker Fighter began the quest for the Orb.
     0 | D:1      | Reached XP level 1. HP: 11/11 MP: 2/2
   179 | D:1      | Reached XP level 2. HP: 15/16 MP: 3/3
   445 | D:1      | Reached XP level 3. HP: 19/20 MP: 4/4
  1491 | D:2      | Gained mutation: Your natural rate of healing is unusually fast. [Vine Stalker growth]
  1491 | D:2      | Reached XP level 4. HP: 21/24 MP: 3/5
  1550 | D:2      | Found a sacrificial altar of Ru.
  1553 | D:2      | Reached skill level 1 in Dodging
  1928 | D:2      | Reached XP level 5. HP: 28/28 MP: 6/6
  2359 | D:3      | Noticed nikopol's ghost (amateur OpFE)
  2377 | D:3      | Killed nikopol's ghost
  2411 | D:3      | Reached XP level 6. HP: 32/33 MP: 7/7
  2752 | D:4      | You fall through a shaft for 3 floors!
  2801 | D:7      | Noticed a spriggan baker
  2829 | D:7      | Killed a spriggan baker
  2885 | D:7      | Found Finim's Antique Weapon Boutique.
  2890 | D:7      | Bought a runed short sword for 120 gold pieces
  3059 | D:7      | Reached XP level 7. HP: 37/37 MP: 2/8
  3186 | D:7      | Found Ucyrch's Distillery.
  3444 | D:6      | Gained mutation: You have razor-sharp teeth. [Vine Stalker growth]
  3444 | D:6      | Reached XP level 8. HP: 36/42 MP: 3/9
  3576 | D:6      | You fall through a shaft for 3 floors!
  3831 | D:9      | Reached skill level 5 in Shields
  3885 | D:9      | Found a flagged portal.
  3898 | Bailey   | Entered a bailey
  4002 | D:8      | Reached skill level 5 in Fighting
  4242 | D:8      | Noticed a wyvern
  4255 | D:8      | Killed a wyvern
  4255 | D:8      | Reached XP level 9. HP: 47/47 MP: 3/10
  4379 | D:8      | Reached skill level 5 in Short Blades
  4379 | D:8      | Reached skill level 5 in Armour
  4774 | D:5      | Entered Level 5 of the Dungeon
  4894 | D:4      | Found a shimmering altar of Xom.
  4907 | D:4      | Found an ornate altar of the Wu Jian Council.
  4929 | D:4      | Found a shadowy altar of Dithmenos.
  5005 | D:4      | Found a staircase to the Ecumenical Temple.
  5101 | Temple   | Entered the Ecumenical Temple
  5108 | Temple   | Became a worshipper of Uskayaw the Reveler
  5159 | D:4      | Reached * piety under Uskayaw
  5174 | D:4      | Reached ** piety under Uskayaw
  5182 | D:4      | Reached *** piety under Uskayaw
  5236 | D:4      | Found a radiant altar of Vehumet.
  5295 | D:4      | Noticed Grinder
  5313 | D:4      | Paralysed by Grinder for 2 turns
  5329 | D:4      | Killed Grinder
  5329 | D:4      | Reached skill level 1 in Invocations
  5397 | D:4      | Reached skill level 5 in Dodging
  5745 | D:5      | Reached XP level 10. HP: 53/53 MP: 12/12
  5962 | D:5      | Noticed Blork the orc
  5971 | D:5      | Killed Blork the orc
  6059 | D:5      | Noticed Menkaure
  6072 | D:5      | Killed Menkaure
  6430 | D:7      | Found Zusky's Jewellery Shoppe.
  6485 | D:7      | Found Naofim's Antique Armour Shop.
  6605 | D:7      | Reached **** piety under Uskayaw
  6620 | D:7      | Reached ***** piety under Uskayaw
  6944 | D:7      | Identified the +2 ring mail of Bucrui {Int+4} (You found it on level 7 of the Dungeon)
  7656 | D:9      | Reached ****** piety under Uskayaw
  7708 | D:9      | Found an iron altar of Okawaru.
  7738 | D:9      | Found a staircase to the Lair.
  7852 | D:9      | Found a shimmering altar of Xom.
  8121 | D:9      | Noticed a two-headed ogre
  8152 | D:9      | Killed a two-headed ogre
  8627 | D:9      | Noticed a two-headed ogre
  8688 | D:9      | Killed a two-headed ogre
  8688 | D:9      | Reached XP level 11. HP: 34/58 MP: 9/15
  8702 | D:10     | Entered Level 10 of the Dungeon
  8845 | D:10     | Gained mutation: Your spells are a little harder to cast, but a little more powerful. [potion of mutation]
  8845 | D:10     | Gained mutation: You have a pair of small antennae on your head. [potion of mutation]
  8856 | D:10     | Found a portal to a secret trove of treasure.
  9187 | D:7      | Bought a +4 ring of protection for 576 gold pieces
  9640 | D:10     | Noticed a manticore
  9656 | D:10     | Killed a manticore
  9936 | Lair:1   | Entered Level 1 of the Lair of Beasts
 10001 | Lair:1   | Noticed Fannar
 10031 | Lair:1   | Killed Fannar
 10312 | Lair:1   | Reached skill level 5 in Invocations
 10831 | Lair:2   | Found a staircase to the Snake Pit.
 11014 | Lair:2   | Found a staircase to the Shoals.
 11015 | Lair:2   | Noticed Gastronok
 11056 | Lair:2   | Gained mutation: You heal very quickly. [Vine Stalker growth]
 11056 | Lair:2   | Reached XP level 12. HP: 60/64 MP: 17/17
 11088 | Lair:2   | Killed Gastronok
 11353 | Lair:2   | Identified the Handbook of Enhancements
 11556 | Lair:2   | Found a blossoming altar of Fedhas.
 12176 | Lair:3   | Found a labyrinth entrance.
 12189 | Lab      | Entered a labyrinth
 12507 | Lab      | Noticed a minotaur
 12538 | Lab      | Killed a minotaur
 13593 | Lair:4   | Reached XP level 13. HP: 70/70 MP: 19/19
 13705 | Lair:4   | Reached skill level 1 in Maces & Flails
 14672 | Lair:6   | Entered Level 6 of the Lair of Beasts
 15637 | Lair:6   | Found a staircase to the Slime Pits.
 15847 | D:7      | Bought an uncursed ring of protection from fire for 400 gold pieces
 15961 | Lair:3   | Reached XP level 14. HP: 76/76 MP: 21/21
 16245 | D:11     | Reached skill level 10 in Shields
 16348 | D:11     | Noticed Harold
 16360 | D:11     | Killed Harold
 16426 | D:11     | Noticed Erica
 16438 | D:11     | Killed Erica
 16476 | D:11     | Found a stormy altar of Qazlal.
 16721 | D:11     | Found a blossoming altar of Fedhas.
 17059 | D:12     | Reached skill level 10 in Fighting
 17217 | D:12     | Reached skill level 5 in Maces & Flails
 17521 | D:12     | Found a staircase to the Orcish Mines.
 18194 | D:13     | Found a gate to the Vaults.
 18799 | D:14     | HP: 1/77 [molten gargoyle/bolt of magma (12)]
 18801 | D:14     | Killed from afar by a molten gargoyle

Vault maps used:
D:1:      ldierk_walled_garden, minmay_misc_feat_more_columns,
          grunt_decor_arrowhead
D:2:      minmay_misc_feat_tiny, lemuel_altar_in_water2
D:4:      black_bear_nest_1, nicolae_overflow_quartered_altars, uniq_grinder
D:5:      first_bread, uniq_blork_the_orc, uniq_menkaure
D:7:      kennysheep_kobold_camp, serial_shops, nicolae_shop_statue_plus, shop,
          nicolae_shop_overgrown_old_shop, shop, the_bakery,
          corexii_corridor_pit
D:8:      serial_bayou_lake_a
D:9:      minmay_goldmine, due_lair_maze_entry_diamond, enter_bailey_3,
          basic_altar, kennysheep_cluttered_room, kb_xom_exploding_sheep
D:10:     enter_trove_0
D:11:     basic_altar, grunt_qazlal_clouds, uniq_erica, uniq_harold
D:12:     orc_0_dummy
D:13:     erik_vaults_1, eino_small_chamber_without_monster
D:14:     minmay_misc_feat_columns, minivault_8
Temple:   nicolae_temple_no_exploring_needed
Lair:1:   serial_bayou_shore_b, uniq_fannar
Lair:2:   shoals_dummy_entry, dummy_snake_entry, tgw_fedhas, grunt_megastairs_2,
          uniq_gastronok
Lair:3:   lab_entry_generic
Lair:4:   minmay_lindwurm_lava
Lair:6:   gammafunk_lair_ancient_temple, dpeg_slime_entry_corner,
          serial_bayou_shore_b
Lab:      labyrinth_spiral, nicolae_lab_swirl, nicolae_lab_flowing_pool,
          nicolae_lab_grate
Bailey:   bailey_polearm_5, bailey

Skill      XL: |  1  2  3  4  5  6  7  8  9 10 11 12 13 14 |
---------------+-------------------------------------------+-----
Short Blades   | 2 3 4 5 6 7 8 |  8.3
Fighting       | 3 4 5 6 7 8 9 10 | 10.3
Shields        | 3 4 5 6 7 8 9 10 | 10.5
Dodging        | 1 2 3 4 5 6 7 8 9 |  9.3
Armour         | 3 4 5 6 7 8 9 |  9.4
Invocations    | 1 4 5 7 8 9 |  9.2
Maces & Flails | 4 5 |  5.6

Action                   |  1- 3 |  4- 6 |  7- 9 | 10-12 | 13-15 || total
-------------------------+-------+-------+-------+-------+-------++-------
Melee: Rapier            |   109 |   159 |       |       |       ||   268
       Bite              |    24 |    43 |   154 |   482 |   458 ||  1161
       Short sword       |       |     9 |   300 |       |       ||   309
       Dagger            |       |       |    85 |  1170 |    18 ||  1273
       Falchion          |       |       |       |    78 |       ||    78
       Unarmed           |       |       |       |    15 |       ||    15
       Demon whip        |       |       |       |       |   879 ||   879
 Fire: Hand crossbow     |       |       |       |     3 |       ||     3
Throw: Throwing net      |       |       |     1 |       |       ||     1
Invok: Line Pass         |       |       |       |     4 |       ||     4
       Grand Finale      |       |       |       |     1 |       ||     1
Evoke: Wand              |       |       |       |       |    20 ||    20
  Use: Scroll            |       |       |     4 |    23 |    11 ||    38
       Potion            |       |       |     1 |     9 |     2 ||    12
 Stab: Paralysed         |       |       |     2 |    47 |    62 ||   111
       Confused          |       |       |       |     1 |       ||     1
       Distracted        |       |       |       |       |     1 ||     1
  Eat: Chunk             |     2 |     5 |     9 |    27 |    17 ||    60
       Meat ration       |       |       |       |     1 |     1 ||     2
Armor: Scale mail        |    59 |    57 |    13 |       |       ||   129
       Ring mail         |       |       |    82 |    36 |       ||   118
       Plate armour      |       |       |       |    17 |       ||    17
       Chain mail        |       |       |       |   180 |   461 ||   641
       Skin              |       |       |       |    19 |       ||    19
Dodge: Dodged            |    32 |    43 |   126 |   200 |   421 ||   822
Block: Shield            |    59 |    71 |   183 |   422 |   643 ||  1378
       Rpst.: Falchion   |       |       |       |     5 |       ||     5
